 Dungeon Crawl Stone Soup version 0.20.0-15-g7f486f2 (webtiles) character file.

913 renl the Martial Artist (level 7, -7/55 HPs)
             Began as a Grey Draconian Transmuter on July 4, 2017.
             Mangled by an unseen horror (11 damage)
             ... on level 5 of the Dungeon.
             The game lasted 00:19:31 (3589 turns).

renl the Martial Artist (Grey Draconian Transmuter) Turns: 3589, Time: 00:19:31

Health: -7/55      AC: 13    Str: 13    XL:     7   Next: 82%
Magic:  8/10       EV: 13    Int: 13    God:
Gold:   227        SH:  0    Dex: 13    Spells: 7/10 levels left

rFire    + . .     SeeInvis .     - Unarmed
rCold    . . .     Gourm    .   (no shield)
rNeg     . . .     Faith    .   (armour unavailable)
rPois    .         Spirit   .   i - +2 hat
rElec    .         Reflect  .   (no cloak)
rCorr    .         Harm     .   (no gloves)
MR       .....                  (no boots)
Stlth    +.........             p - amulet of regeneration
Regen    0.6/turn               e - ring of protection from fire
MPRegen  0.2/turn               (no ring)

@: no status effects
A: walk through water, unfitting armour, unbreathing, cold-blooded, AC +11
a: no special abilities


You were on level 5 of the Dungeon.
You were hungry.

You visited 1 branch of the dungeon, and saw 5 of its levels.

You collected 227 gold pieces.

Inventory:

Missiles
 a - 45 arrows
Armour
 i - a +2 hat (worn)
Jewellery
 e - a ring of protection from fire (left hand)
 p - an amulet of regeneration (around neck)
Wands
 u - a wand of confusion (23/48)
Scrolls
 d - 2 scrolls of immolation {unknown}
 g - 4 scrolls of remove curse
 h - 2 scrolls of teleportation
 l - 3 scrolls of amnesia
 o - a scroll of enchant armour {unknown}
 t - a scroll of random uselessness {unknown}
Potions
 f - 2 potions of brilliance
 j - 3 potions of heal wounds
 n - 3 potions of ambrosia
 q - 4 potions of curing
 s - a potion of resistance
 v - a potion of mutation {unknown}
 w - a potion of haste {unknown}
 x - a potion of agility {unknown}
Books
 b - a book of Changes

   Spells                             Type                      Level
   a - Beastly Appendage              Transmutation                1
   b - Sticks to Snakes               Transmutation                2
   c - Spider Form                    Transmutation/Poison         3
   d - Ice Form                       Ice/Transmutation            4
   e - Blade Hands                    Transmutation                5
Comestibles
 c - 6 bread rations
 k - 14 fruits
 m - 6 chunks of flesh
 r - 2 meat rations


   Skills:
 + Level 2.1 Fighting
 + Level 3.1 Dodging
 * Level 8.3 Unarmed Combat
 - Level 2.0 Spellcasting
 + Level 3.4 Transmutations


You had 7 spell levels left.
You knew the following spells:

 Your Spells              Type           Power        Failure   Level  Hunger
a - Spider Form           Tmut/Pois      #.........   36%         3    ####...


Dungeon Overview and Level Annotations

Branches:
Dungeon (5/15)
 Temple: D:4-7

Altars:
Trog


Innate Abilities, Weirdness & Mutations

You can walk through water.
Your dull iron-grey scales are very hard. (AC +11)
You cannot fit into any form of body armour.
You can survive without breathing.
You are cold-blooded and may be slowed by cold attacks.


Message History

Something hits you. x2
You hit something but do no damage. Something hits you!
You bite something!
You are feeling hungry.
Something hits you! Something hits you.
You miss something. Something barely misses you. Something misses you. x2
You closely miss something. Something hits you!
* * * LOW HITPOINT WARNING * * *
You hit something. Something misses you. Something hits you.
* * * LOW HITPOINT WARNING * * *
Something hits you.
* * * LOW HITPOINT WARNING * * *
Something hits you.
* * * LOW HITPOINT WARNING * * *
Something hits you.
* * * LOW HITPOINT WARNING * * *
There is a stone staircase leading up here.
Your transformation has ended.
Your +2 hat unmelds from your body.
Something hits you!
You die...

#...#..........
#....#.....####
#.#..........##
#.###.#........
#.###.#########
#####.##..#
#.........#
#.........#
#.@.......#
#.........#
#.........#
#.........#
#...........
#.........#.
#..........
#........#


There were no monsters in sight!

Vanquished Creatures
  Edmund (D:5)
  A sky beast (D:5)
  A scorpion (D:4)
  2 jellies (D:5)
  3 hounds (D:4)
  4 orc wizards (D:4)
  An orc priest (D:4)
  A centaur skeleton (D:4)
  An iguana (D:5)
  Jessica (D:2)
  Terence (D:3)
  Natasha (D:2)
  2 worker ants
  Robin (D:2)
  A worker ant zombie (D:5)
  6 adders
  A shadow imp (D:5)
  3 oozes
  An adder skeleton (D:4)
  2 worms
  A dart slug (D:4)
  4 leopard geckos
  7 orcs (D:4)
  A ball python (D:4)
  2 giant cockroaches (D:1)
  10 hobgoblins
  2 jackals (D:5)
  3 quokkas
  6 bats
  3 frilled lizards
  10 goblins
  5 kobolds (D:1)
  4 rats
93 creatures vanquished.

Notes
Turn   | Place    | Note
-------+----------+-------------------------------------------
     0 | D:1      | renl the Draconian Transmuter began the quest for the Orb.
     0 | D:1      | Reached XP level 1. HP: 16/16 MP: 3/3
   181 | D:1      | Reached XP level 2. HP: 18/23 MP: 3/5
   977 | D:2      | Reached XP level 3. HP: 28/28 MP: 4/6
   994 | D:2      | Noticed Natasha
  1082 | D:2      | Noticed Jessica
  1094 | D:2      | Killed Jessica
  1094 | D:2      | Reached skill level 4 in Unarmed Combat
  1233 | D:2      | Learned a level 3 spell: Spider Form
  1245 | D:2      | Killed Natasha
  1245 | D:2      | Reached XP level 4. HP: 19/35 MP: 0/7
  1350 | D:2      | Noticed Robin
  1375 | D:2      | Killed Robin
  1909 | D:3      | Noticed Terence
  1920 | D:3      | Killed Terence
  1920 | D:3      | Reached skill level 5 in Unarmed Combat
  1920 | D:3      | Reached XP level 5. HP: 38/41 MP: 1/8
  2075 | D:3      | Found a bloodstained altar of Trog.
  2379 | D:4      | Reached XP level 6. HP: 32/48 MP: 2/9
  2510 | D:4      | Reached skill level 6 in Unarmed Combat
  3082 | D:4      | Your scales start taking on a dull iron-grey colour.
  3082 | D:4      | Reached XP level 7. HP: 46/53 MP: 10/10
  3082 | D:4      | Gained mutation: You can survive without breathing. [Grey Draconian growth]
  3114 | D:4      | Reached skill level 7 in Unarmed Combat
  3181 | D:5      | Entered Level 5 of the Dungeon
  3375 | D:5      | Noticed Edmund
  3395 | D:5      | Killed Edmund
  3518 | D:5      | Reached skill level 8 in Unarmed Combat
  3589 | D:5      | Mangled by an unseen horror

Skill      XL: |  1  2  3  4  5  6  7 |
---------------+----------------------+-----
Dodging        | 2 3 |  3.1
Unarmed Combat | 4 5 6 8 |  8.3
Transmutations | 3 |  3.4
Fighting       | 2 |  2.1
Spellcasting   | |  2.0

Action                   |  1- 3 |  4- 6 |  7- 9 || total
-------------------------+-------+-------+-------++-------
Melee: Unarmed           |    77 |   150 |    78 ||   305
       Tailslap          |     9 |    10 |     3 ||    22
       Kick              |     4 |       |       ||     4
       Punch             |     3 |     3 |     3 ||     9
       Headbutt          |     1 |       |       ||     1
 Cast: Beastly Appendage |     6 |       |       ||     6
       Spider Form       |     1 |    12 |     5 ||    18
  Use: Scroll            |     7 |     1 |     1 ||     9
 Stab: Sleeping          |     1 |       |       ||     1
  Eat: Chunk             |     1 |     9 |     2 ||    12
Armor: Skin              |    17 |    39 |    17 ||    73
Dodge: Dodged            |    39 |   125 |    50 ||   214
